Map: Oblivion Express

Players

Suntory

  • Race: Zerg Zerg
  • Spawn Location: 0:00

NamroodTuo

  • Race: Zerg Zerg

VOD

Have the link to the VOD?

Description

Time

  • Played on: April 4, 2023, 10:37 a.m.
  • Length: 26:03
Show
View Real Time Build Order
Export as new Build Order

Suntory Zerg 

Build Orders:  

Get SALT Encoding   

  12  0:15  Overlord  
  12  0:46  Drone  
  12  0:47  Drone x4  
  17  0:50  Drone  
  18  1:15  Drone x3  
  18  1:19  Overlord  
  21  1:46  Roach Warren  
  21  1:47  Drone  
  14  2:10  Roach x3  
  21  2:12  Roach  
  29  2:22  Drone  
  29  2:25  Overlord  
  30  2:46  Extractor  
  30  2:47  Drone  
  30  2:53  Drone x2  
  30  2:54  Drone  
  33  3:02  Overlord  
  33  3:12  Extractor  
  32  3:32  Drone x3  
  35  3:42  Drone  
  36  4:05  Roach  
  36  4:06  Roach x2  
  42  4:15  Lair  
  42  4:57  Queen  
  42  4:58  Hatchery  
  41  5:09  Drone x3  
  46  5:24  Roach  
  46  5:25  Roach x4  
  46  5:26  Roach  
  46  5:42  Ravager  
  46  5:43  Ravager x4  
  46  5:44  Ravager  
  46  5:48  Overlord x3  
  46  5:49  Overlord  
  52  5:58  Queen  
  52  5:59  Queen  
  56  6:32  Drone, Evolution Chamber  
  56  6:33  Drone x9  
  62  6:50  Bio-Mechanical Transfusion  
  62  7:19  Extractor  
  61  7:20  Drone  
  61  7:21  Drone x2, Incubation Chamber  
  61  7:22  Extractor, Drone x2  
  61  7:23  Roach, Drone  
  61  7:24  Drone x3  
  69  7:39  Queen x2  
  69  7:45  Brutalisk  
  73  8:01  Drone x2  
  73  8:02  Drone x2  
  73  8:05  Overlord x2  
  77  8:17  Spire  
  76  8:24  Roach  
  78  8:53  Infestation Pit  
  77  9:11  Queen  
  77  9:12  Queen x2  
  77  9:22  Greater Spire  
  77  9:25  Overseer x2  
  77  9:26  Overseer x2  
  77  9:32  Roach  
  83  9:50  Ravager  
  83  9:53  Mutalisk x3  
  90  10:03  Hive  
  90  10:22  Unknown  
  90  10:51  Mutalisk x3  
  90  10:53  Bloated Bile Ducts  
  90  11:09  Devourer x3  
  90  11:22  Corrosive Spray  
  90  12:12  Prolonged Dispersion  
  90  12:16  Potent Bile  
  90  12:21  Roach  
  90  12:22  Roach x4  
  96  13:12  Queen  
  96  13:19  Glial Reconstitution  
  96  13:28  Mutalisk x2  
  100  13:44  Ravager  
  100  13:48  Brutalisk  
  99  13:57  Brutalisk  
  99  14:00  Overlord x2  
  99  14:01  Overlord x3  
  99  14:02  Overlord x2  
  99  14:16  Hydriodic Bile  
  99  14:25  Zerg Missile Weapons Level 1  
  99  15:13  Adaptive Plating  
  99  15:14  Roach  
  99  15:15  Roach x3  
  107  15:38  Mutalisk x2  
  107  15:48  Zerg Ground Armor Level 1  
  106  16:03  Guardian x2  
  106  16:20  Devourer x2  
  106  16:30  Leviathan x2  
  106  16:35  Queen x3  
  106  16:36  Queen  
  106  16:49  Roach x2  
  110  16:50  Roach x4  
  110  16:51  Roach  
  128  17:04  Drone  
  128  17:05  Queen  
  129  17:11  Roach  
  129  17:12  Roach x4  
  129  17:13  Roach x2  
  129  17:29  Ravager  
  132  17:30  Ravager x4  
  132  17:31  Ravager x2  
  132  17:33  Roach x2, Queen, Ravager  
  132  17:34  Roach x4  
  132  17:35  Roach x2  
  132  17:37  Overlord x2, Brutalisk  
  132  17:38  Overlord x2  
  153  17:46  Devourer  
  153  17:48  Ravager  
  153  17:52  Brutalisk  
  153  17:56  Leviathan  
  153  17:59  Zerg Missile Weapons Level 2  
  152  18:18  Brutalisk  
  152  18:26  Queen x3  
  152  18:27  Queen  
  152  18:49  Mutalisk  
  162  18:50  Mutalisk x3  
  162  18:51  Mutalisk x2  
  162  18:56  Queen  
  174  19:22  Roach  
  174  19:34  Mutalisk x4  
  174  19:35  Mutalisk x2  
  174  19:37  Zerg Ground Armor Level 2  
  174  19:44  Brutalisk  
  174  19:59  Guardian x4  
  174  20:00  Guardian x2  
  174  20:04  Zerg Flyer Weapons Level 1  
  174  21:16  Zerg Missile Weapons Level 3  
  174  21:27  Zerg Flyer Armor Level 1  
  174  22:22  Roach  
  174  22:32  Queen  
  174  22:44  Brutalisk  
  174  22:51  Roach  
  174  22:52  Roach x4  
  174  22:53  Roach x2  
  188  23:00  Roach x2  
  188  23:03  Overlord x4  
  188  23:04  Overlord  
  188  23:08  Ravager  
  188  23:12  Brutalisk  
  188  23:16  Ravager  
  188  23:17  Brutalisk  
  187  23:20  Brutalisk  
  187  23:22  Brutalisk x2  
  186  23:56  Queen  
  186  23:57  Ravager x2  
  186  23:59  Roach x5  
  186  24:00  Roach x11  
  186  24:01  Brutalisk x2  
  184  24:17  Ravager x5  
  184  24:18  Ravager x11  
  200  24:24  Ravager  
  200  24:28  Brutalisk  
  199  24:31  Ravager  
  199  24:35  Brutalisk  
  198  24:41  Brutalisk  
  198  24:44  Queen  
  198  24:59  Queen  
  198  25:26  Ravager  
  198  25:29  Brutalisk  
  198  25:30  Brutalisk  
  197  25:42  Ravager  
  197  25:44  Brutalisk  
  197  25:46  Brutalisk  
Show
View Real Time Build Order
Export as new Build Order

NamroodTuo Zerg 

Build Orders:  

Get SALT Encoding   

  12  0:22  Infested Barracks  
  12  0:26  Infested SCV  
  13  0:32  Infested SCV  
  14  0:45  Infested SCV  
  15  0:52  Overlord  
  15  1:18  Infested SCV  
  16  1:25  Infestation Level 1  
  16  1:37  Infested Engineering Bay  
  16  1:40  Infested SCV  
  16  1:44  Infested SCV  
  18  1:53  Infested SCV  
  19  2:00  Infested SCV  
  19  2:05  Infested SCV  
  19  2:09  Overlord  
  21  2:25  Infested SCV  
  22  2:32  Infested Refinery  
  22  2:41  Infested SCV  
  22  2:42  Infested Refinery  
  23  3:41  Infested SCV  
  23  3:44  Infested SCV  
  23  3:46  Infested SCV x2  
  27  3:58  Infestation Level 2  
  27  4:13  Infested SCV  
  28  4:30  Infested Marine  
  28  4:31  Infested Marine x2  
  31  5:04  Overlord  
  31  5:06  Overlord x2  
  31  5:09  Overlord  
  31  5:12  Regenerative Plating  
  31  5:44  Infested Marine x7  
  31  5:45  Infested Marine x13  
  50  5:58  Anaerobic Enhancement  
  49  6:08  Infested SCV  
  49  6:09  Infested SCV  
  51  6:10  Overlord  
  51  6:11  Infested SCV  
  51  6:12  Stukov Infantry Weapons Level 1  
  51  6:19  Infested Command Center  
  52  6:29  Infested Barracks  
  51  6:39  Infested SCV  
  52  6:47  Infested Factory  
  52  7:07  Infested Bunker  
  36  7:42  Broodling Gestation  
  36  8:03  Infested SCV x3  
  39  8:11  Infested Factory Tech Lab  
  39  8:22  Infested Refinery  
  39  8:40  Infested Siege Tank x2  
  39  8:41  Infested Armory  
  45  8:51  Infested Marine  
  45  8:52  Stukov Infantry Armor Level 1, Infested Marine x19  
  45  8:53  Infested Marine x4  
  69  9:13  Infested Siege Tank  
  72  9:39  Infested Siege Tank x2  
  78  9:49  Infested SCV x2  
  80  9:50  Infested SCV x2  
  82  10:01  Infested SCV  
  82  10:03  Aggressive Incubation  
  59  10:50  Infested Diamondback x3  
  68  11:08  Infested SCV x4  
  72  11:10  Infested SCV  
  73  11:20  Infested Siege Tank  
  73  11:25  Overlord  
  76  11:39  Infested Siege Tank  
  79  12:26  Infested Siege Tank x3  
  78  13:15  Stukov Vehicle and Ship Weapons Level 1  
  78  13:17  Stukov Infantry Weapons Level 2  
  75  13:21  Infested SCV x3  
  75  13:22  Infested SCV x2  
  75  13:27  Infested Refinery  
  80  14:20  Infested Siege Tank  
  80  14:21  Infested Siege Tank, Infested Diamondback x2  
  80  14:28  Automated Mitosis  
  92  14:37  Infested Marine  
  92  14:38  Infested Marine  
  94  14:42  Overlord x5  
  94  14:45  Overlord  
  94  14:46  Overlord x4  
  92  15:55  Stukov Vehicle and Ship Armor Level 1  
  71  17:14  Infested Siege Tank  
  71  17:15  Infested Siege Tank x4  
  86  17:20  Stukov Infantry Weapons Level 3  
  86  17:25  Acidic Enzymes  
  86  17:31  Infested SCV x2  
  86  17:32  Infested SCV  
  86  17:34  Overlord  
  86  17:35  Overlord  
  86  17:38  Infested Marine  
  86  17:39  Infested Marine x11  
  101  17:40  Infested Marine x15  
  110  18:03  Infested Factory  
  107  18:30  Overseer x2  
  107  18:31  Overseer x3  
  107  18:35  Stukov Vehicle and Ship Weapons Level 2  
  107  18:46  Infested Siege Tank  
  110  18:55  Caustic Mucus  
  84  19:46  Infested Factory Tech Lab  
  84  19:58  Infested Siege Tank  
  84  19:59  Infested Diamondback  
  90  20:14  Infested Siege Tank  
  90  20:15  Infested Siege Tank  
  96  20:25  Saturated Cultures  
  96  21:00  Stukov Infantry Armor Level 2  
  96  21:17  Infested Siege Tank x4  
  108  21:45  Stukov Vehicle and Ship Armor Level 2  
  108  21:51  Infested Siege Tank x3  
  117  22:11  Overlord x5  
  117  22:12  Infested SCV x3  
  117  22:19  Overseer x2  
  120  22:20  Overseer  
  120  23:14  Unknown  
  120  23:38  Infested Siege Tank x4  
  132  24:06  Infested Siege Tank, Infested Diamondback  
  132  24:07  Infested Siege Tank x2, Infested Diamondback  
  147  24:10  Calcified Armor  
Tags
 
Commander
AbathurStukov
Matchup
Co-op
Replay Pack
Multiplayer
Add a new tag
Caveats
  • Supply blocks, unpowered buildings, or Contaminate may cause inaccurate times.
  • Supply counts are checked every 10 seconds.